 Dungeon Crawl Stone Soup version 0.28.0-53-g5a82cb258f (webtiles) character file.

Game seed: 1902537243388069678

49 MiltankisOP the Changer (level 3, 0/26 HPs)
             Began as a Merfolk Transmuter on June 15, 2022.
             Slain by a gnoll
             ... wielding a +0 halberd
              (3 damage)
             ... on level 2 of the Dungeon.
             The game lasted 00:02:29 (2065 turns).

MiltankisOP the Changer (Merfolk Transmuter)        Turns: 2065, Time: 00:02:30

Health: 0/26       AC:  2    Str: 10    XL:     3   Next: 77%
Magic:  5/6        EV: 16    Int: 14    God:
Gold:   46         SH:  0    Dex: 14    Spells: 5/6 levels left

rFire   . . .      SeeInvis .     - Unarmed
rCold   . . .      Faith    .   (no shield)
rNeg    . . .      Spirit   .   a - +0 robe
rPois   .          Reflect  .   (helmet currently unavailable)
rElec   .          Harm     .   (no cloak)
rCorr   .          Rampage  .   (no gloves)
Will    .....                   (boots currently unavailable)
Stlth   +.........              (no amulet)
HPRegen 0.08/turn               e - +4 ring of evasion
MPRegen 0.10/turn               (no ring)

@: appendages (expiring)
A: horns 2, (nimble swimmer 2), mertail
a: End Transformation


You were on level 2 of the Dungeon.
You had temporarily grown beastly horns.
You visited 1 branch of the dungeon, and saw 2 of its levels.

You collected 46 gold pieces.

Inventory:

Armour
 a - a +0 robe (worn)
Jewellery
 e - a +4 ring of evasion (left hand)
 i - an amulet of reflection
Scrolls
 b - a scroll of teleportation {unknown}
 f - a scroll of blinking {unknown}
 h - a scroll of silence {unknown}
 j - a scroll of magic mapping {unknown}
Potions
 c - a potion of heal wounds {unknown}
 d - a potion of brilliance {unknown}
 g - a potion of lignification {unknown}


   Skills:
 - Level 1.1 Fighting
 - Level 2.6 Dodging
 - Level 3.2 Unarmed Combat
 - Level 2.0 Spellcasting
 + Level 5.3 Transmutations


You had 5 spell levels left.
You knew the following spells:

 Your Spells              Type           Power      Damage    Failure   Level
a - Beastly Appendage     Tmut           32%        N/A       2%          1

Your spell library contained the following spells:

 Spells                   Type           Power      Damage    Failure   Level
 Wereblood                Tmut           16%        N/A       4%          2
 Spider Form              Tmut/Pois      8%         N/A       24%         3
 Ice Form                 Ice/Tmut       8%         N/A       61%         4


Dungeon Overview and Level Annotations

Branches:
Dungeon (2/15)

Altars:
Gozag


Innate Abilities, Weirdness & Mutations

You have temporarily grown beastly horns.
((You are very nimble when in or above water. (Stealth+, EV+, Speed+++)))
Your lower body shifts to a powerful aquatic tail in water.


Message History

Your transformation is almost over.
Things that are here:
a +0 spear; a gnoll corpse
Things that are here:
a +0 spear; a gnoll corpse Your horns disappear.
A gnoll comes into view. It is wielding a +0 halberd.
Things that are here:
a +0 whip; a gnoll corpse
There is an open door here.
A gnoll is nearby!
The gnoll shouts!
Casting: Beastly Appendage (safe; 2% risk of failure)
Confirm with . or Enter, or press ? or * to list all spells.
You grow a pair of large bovine horns.
Things that are here:
a +0 whip; a gnoll corpse The gnoll barely misses you.
Things that are here:
a +0 spear; a gnoll corpse The gnoll hits you with a +0 halberd!
Ouch! That really hurt!
* * * LOW HITPOINT WARNING * * *
You hit the gnoll.
The gnoll is moderately wounded.
Your transformation is almost over.
The gnoll barely misses you.
You closely miss the gnoll.
The gnoll is lightly wounded.
The gnoll misses you.
You barely miss the gnoll. Your headbutt misses the gnoll.
The gnoll is lightly wounded.
The gnoll completely misses you.
You hit the gnoll but do no damage. Your headbutt misses the gnoll.
The gnoll is lightly wounded.
The gnoll closely misses you.
You hit the gnoll. Your headbutt misses the gnoll.
The gnoll is heavily wounded.
The gnoll hits you with a +0 halberd.
You die...

....####..##..###.............###
......###........................
.......................+.....##..
.................###...#####.##.#
..####.........###..#...........#
.....###.._..###'##.#.#####......
.....#.#########)##.#.# #......
............#.##)##.#.# #..._..
.....##...)...##@##'#'## ##.....
.....#######..##g#.....# #.....
###### #..##.#.....# ###.## ###
###'##.#.....# ##.#
#...#.gg.........# #..#
+...'............# ##.##
.#...#.........#.## #..#
#####.#.. #.........#.# ##.##
......#. #...........# #..#


You could see a gnoll.

Vanquished Creatures
  2 gnolls (D:2)
  A dart slug (D:2)
  A ball python (D:1)
  3 bats (D:1)
  3 endoplasms
  A giant cockroach (D:1)
  A hobgoblin (D:2)
  3 kobolds
  2 quokkas (D:2)
  2 frilled lizards (D:1)
  3 goblins
  4 rats
26 creatures vanquished.

Notes
Turn   | Place    | Note
-------+----------+-------------------------------------------
     0 | D:1      | MiltankisOP the Merfolk Transmuter began the quest for the
                  | Orb.
     0 | D:1      | Reached XP level 1. HP: 15/15 MP: 3/3
    52 | D:1      | Reached skill level 3 in Transmutations
   320 | D:1      | Reached XP level 2. HP: 16/21 MP: 3/5
   539 | D:1      | Reached skill level 4 in Transmutations
  1253 | D:2      | Reached XP level 3. HP: 19/26 MP: 4/6
  1471 | D:2      | Found a faded altar of an unknown god.
  1573 | D:2      | Found an opulent altar of Gozag.
  1950 | D:2      | Reached skill level 5 in Transmutations
  2065 | D:2      | Slain by a gnoll

Illustrated notes

Levels and vault maps discovered:
D:1:      tarquinn_simple_flora_water_e, layout_basic
D:2:      layout_basic, hellmonk_ecumenical_altar_zigzags, basic_altar,
          kennysheep_flooded_box

Skill      XL: |  1  2  3 |
---------------+----------+-----
Transmutations | 3 4 5 |  5.3
Fighting       | |  1.1
Dodging        | |  2.6
Unarmed Combat | |  3.2
Spellcasting   | |  2.0

Action                   || total
-------------------------++-------
Melee: Unarmed           ||   102
       Punch             ||     4
       Headbutt          ||    11
 Cast: Beastly Appendage ||    20
 Stab: Sleeping          ||     2
Armor: Robe              ||    10
Dodge: Dodged            ||    77
